 Dungeon Crawl Stone Soup version 0.20.1-1-g8b1a95d (webtiles) character file.

3914 Pytinka the Spear-Bearer (level 10, 0/86 HPs)
             Began as a Minotaur Fighter on July 11, 2017.
             Was an Initiate of Trog.
             Slain by a rakshasa (illusionary)
             ... wielding a +0 whip
              (3 damage)
             ... on level 1 of the Abyss.
             The game lasted 00:09:50 (4524 turns).

Pytinka the Spear-Bearer (Minotaur Fighter)         Turns: 4524, Time: 00:09:51

Health: 0/86       AC: 14    Str: 29    XL:     10   Next: 1%
Magic:  10/10      EV: 14    Int:  5    God:    Trog [......]
Gold:   345        SH: 11    Dex: 10    Spells: 9/9 levels left

rFire    x . .     SeeInvis .   a - +0 trident
rCold    + + .     Gourm    +   c - +0 shield
rNeg     . . .     Faith    .   j - +0 ice dragon scales
rPois    .         Spirit   .   x - +2 hat
rElec    .         Reflect  .   (no cloak)
rCorr    .         Harm     .   (no gloves)
MR       +....                  (no boots)
Stlth    ..........             z - amulet of the gourmand
Regen    0.3/turn               n - +4 ring of evasion
MPRegen  0.2/turn               (no ring)

@: mighty, hasted, silenced, very quick
A: retaliatory headbutt, horns 2, high mp 1, magic resistance 1
a: Renounce Religion


You were on level 1 of the Abyss.
You worshipped Trog.
Trog was noncommittal.
You were hungry.

You visited 2 branches of the dungeon, and saw 7 of its levels.
You visited the Abyss 1 time.

You collected 345 gold pieces.

Inventory:

Hand Weapons
 a - a +0 trident (weapon)
Armour
 b - a +0 scale mail
 c - a +0 shield (worn)
 g - a +0 plate armour
 j - +0 ice dragon scales (worn)
 x - a +2 hat (worn)
Jewellery
 n - a +4 ring of evasion (left hand)
 z - an amulet of the gourmand (around neck)
Scrolls
 h - 4 scrolls of identify
 l - a scroll of recharging {unknown}
 m - a scroll of amnesia {unknown}
 o - 2 scrolls of remove curse
 q - a scroll of blinking {unknown}
 s - a scroll of fear {unknown}
 u - a scroll of teleportation {unknown}
 v - a scroll of fog {unknown}
Potions
 e - 2 potions of haste
 p - a potion of agility
 r - a potion of magic
Books
 y - a book of Conjurations

   Spells                             Type                      Level
   a - Magic Dart                     Conjuration                  1
   b - Searing Ray                    Conjuration                  2
   c - Dazzling Spray                 Conjuration/Hexes            3
   d - Fulminant Prism                Conjuration/Hexes            4
   e - Force Lance                    Conjuration/Translocation    4
   f - Iskenderun's Mystic Blast      Conjuration                  4
   Trog disapproves of the use of such an item.
Comestibles
 f - 2 bread rations
 k - 2 meat rations


   Skills:
 + Level 7.5 Fighting
 + Level 11.5 Polearms
 + Level 7.5 Armour
 + Level 4.8 Dodging
 + Level 1.2 Stealth
 + Level 7.7 Shields


You had 9 spell levels left.
You didn't know any spells.

Dungeon Overview and Level Annotations

Branches:
Dungeon (8/15)             Temple (1/1) D:5
   Lair: D:8-11

Altars:
Ashenzari
Dithmenos
Fedhas
Gozag
Hepliaklqana
Kikubaaqudgha
Makhleb
Nemelex Xobeh
Okawaru
Qazlal
Ru
Sif Muna
Trog
Uskayaw
Vehumet
Xom
Yredelemnul
Zin
The Shining One

Annotations:
D:8 Psyche


Innate Abilities, Weirdness & Mutations

You reflexively headbutt those who attack you in melee.
You have a pair of horns on your head.
You have an increased reservoir of magic. (+10% MP)
You are resistant to hostile enchantments. (MR+)


Message History

You block the rakshasa's attack.
The silent spectre hits you but does no damage.
You block the raiju's attack.
You puncture the rakshasa! Your headbutt misses the rakshasa.
The rakshasa is severely wounded.
The rakshasa hits you but does no damage.
You block the raiju's attack.
You puncture the rakshasa!
The rakshasa is severely wounded.
The rakshasa hits you with a whip.
* * * LOW HITPOINT WARNING * * *
You block the silent spectre's attack. The raiju bites you.
* * * LOW HITPOINT WARNING * * *
The raiju shocks you!
* * * LOW HITPOINT WARNING * * *
Unknown command.
You closely miss the rakshasa. Your headbutt misses the rakshasa.
The rakshasa is severely wounded.
The rakshasa hits you with a whip.
You die...

..#.#... !.. .. ..
..#(#..#...###.. ## #
. ..#..#.$...#.... #
..#...............###
.# ≈
.#...............# .
.......?.........
.... #
.........%...#... ..#
.#.. ........#hhh###.
.#. ...#
.#.....#R@...# ....
.... #
........WR..........#
. . .................
#### .
.................. .
.....#.....#.....#
##...###R..###...##
#.... #..######## #
.... ...#≈≈≈ ≈≈≈ ≈≈≈
. ... #≈ ≈≈≈≈ ≈ ≈


You could see 3 rakshasas, a silent spectre and 3 raiju.

Vanquished Creatures
  Gastronok (D:8)
  Pikel (D:5)
  A polar bear (D:8)
  The ghost of BakaWarrior999 the Slasher, an amateur BaFi (D:4)
  Grinder (D:4)
  2 wyverns (D:8)
  2 ice beasts
  2 wolves (D:8)
  A phantom (D:4)
  An ogre (D:4)
  The ghost of koorschki the Conjurer, an amateur DrCj of Vehumet (D:3)
  Blork the orc (D:5)
  A hound (D:8)
  An orc wizard (D:3)
  A bullfrog skeleton (D:4)
  Jessica (D:3)
  Natasha (thrice) (D:2)
  2 worker ants
  A killer bee zombie (D:5)
  2 bullfrog simulacra (D:8)
  6 adders
  A hound simulacrum (D:8)
  A white imp (D:8)
  An ufetubus (D:8)
  An ooze (D:5)
  2 worms
  3 dart slugs
  2 leopard geckos
  11 orcs
  4 bats
  6 giant cockroaches
  10 goblins
  3 hobgoblins
  8 jackals
  A quokka (D:8)
  A ball python (D:2)
  7 frilled lizards
  6 kobolds
  A leopard gecko simulacrum (D:8)
  4 rats
106 creatures vanquished.

Notes
Turn   | Place    | Note
-------+----------+-------------------------------------------
     0 | D:1      | Pytinka the Minotaur Fighter began the quest for the Orb.
     0 | D:1      | Reached XP level 1. HP: 19/19 MP: 0/0
   241 | D:1      | Reached XP level 2. HP: 27/27 MP: 1/1
   839 | D:2      | Noticed Natasha
   844 | D:2      | Noticed a crimson imp
   851 | D:2      | Noticed a crimson imp
   859 | D:2      | Killed Natasha
   859 | D:2      | Reached XP level 3. HP: 18/33 MP: 2/2
  1120 | D:2      | Reached skill level 3 in Polearms
  1141 | D:2      | Reached XP level 4. HP: 40/40 MP: 3/3
  1510 | D:2      | Noticed Natasha
  1516 | D:2      | Killed Natasha
  1710 | D:2      | Noticed Natasha
  1716 | D:2      | Killed Natasha
  1771 | D:3      | Reached skill level 1 in Dodging
  1791 | D:3      | Reached XP level 5. HP: 46/46 MP: 4/4
  1946 | D:3      | Noticed Jessica
  1954 | D:3      | Killed Jessica
  2011 | D:3      | Noticed koorschki's ghost (amateur DrCj)
  2021 | D:3      | Killed koorschki's ghost
  2021 | D:3      | Reached skill level 4 in Polearms
  2021 | D:3      | Reached skill level 5 in Armour
  2021 | D:3      | Reached skill level 5 in Shields
  2021 | D:3      | Reached XP level 6. HP: 38/53 MP: 5/5
  2607 | D:4      | Noticed BakaWarrior999's ghost (amateur BaFi)
  2626 | D:4      | Killed BakaWarrior999's ghost
  2626 | D:4      | Reached skill level 5 in Polearms
  2626 | D:4      | Reached XP level 7. HP: 36/60 MP: 6/6
  2979 | D:4      | Reached skill level 6 in Polearms
  3108 | D:4      | Reached skill level 5 in Fighting
  3401 | D:4      | Noticed Grinder
  3417 | D:4      | Paralysed by Grinder for 6 turns
  3431 | D:4      | Paralysed by Grinder for 4 turns
  3439 | D:4      | Killed Grinder
  3439 | D:4      | Reached skill level 1 in Stealth
  3598 | D:5      | Entered Level 5 of the Dungeon
  3717 | D:5      | Noticed Pikel
  3729 | D:5      | Killed Pikel
  3729 | D:5      | Reached skill level 8 in Polearms
  3729 | D:5      | Reached XP level 8. HP: 61/69 MP: 7/7
  3757 | D:5      | Found a staircase to the Ecumenical Temple.
  3767 | Temple   | Entered the Ecumenical Temple
  3800 | Temple   | Became a worshipper of Trog the Wrathful
  4168 | D:5      | Noticed Blork the orc
  4175 | D:5      | Killed Blork the orc
  4190 | D:5      | You fall through a shaft for 3 floors!
  4202 | D:8      | Noticed Gastronok
  4225 | D:8      | Killed Gastronok
  4225 | D:8      | Reached skill level 10 in Polearms
  4225 | D:8      | Reached XP level 9. HP: 51/78 MP: 8/8
  4282 | D:8      | Reached skill level 11 in Polearms
  4307 | D:8      | Noticed a polar bear
  4364 | D:8      | Killed a polar bear
  4364 | D:8      | Reached XP level 10. HP: 46/86 MP: 9/9
  4419 | D:8      | Noticed Psyche
  4430 | D:8      | Cast into level 1 of the Abyss (Psyche)
  4439 | Abyss:1  | Gained mutation: You are resistant to hostile enchantments. (MR+) [potion of mutation]
  4439 | Abyss:1  | Gained mutation: You have an increased reservoir of magic. (+10% MP) [potion of mutation]
  4441 | Abyss:1  | Noticed a starcursed mass
  4445 | Abyss:1  | Paralysed by accursed screaming for 1 turns
  4448 | Abyss:1  | Paralysed by accursed screaming for 1 turns
  4497 | Abyss:1  | Noticed a rakshasa
  4523 | Abyss:1  | HP: 3/86 [raiju (7)]
  4524 | Abyss:1  | Slain by a rakshasa (illusionary)

Skill      XL: |  1  2  3  4  5  6  7  8  9 |
---------------+----------------------------+-----
Shields        | 4 5 6 7 |  7.7
Fighting       | 4 5 6 7 |  7.5
Armour         | 4 5 6 7 |  7.5
Polearms       | 3 4 5 8 10 11 | 11.5
Dodging        | 1 2 3 4 |  4.8
Stealth        | 1 |  1.2

Action                   |  1- 3 |  4- 6 |  7- 9 | 10-12 || total
-------------------------+-------+-------+-------+-------++-------
Melee: Trident           |    77 |   127 |   162 |    25 ||   391
       Headbutt          |    10 |    26 |    29 |     1 ||    66
  Use: Potion            |     1 |       |     5 |    10 ||    16
       Scroll            |       |       |     2 |       ||     2
  Eat: Chunk             |     1 |     5 |     4 |     1 ||    11
Armor: Scale mail        |    18 |    31 |    32 |     1 ||    82
       Ice dragon scales |       |       |       |     8 ||     8
Dodge: Dodged            |    20 |    41 |    57 |     8 ||   126
Block: Shield            |    25 |    42 |    65 |    17 ||   149
